 Dungeon Crawl Stone Soup version 0.27-a0-1158-gaa87e14f67 (webtiles) character file.

Game seed: 5516919215620386548

1 wafflestompin the Sneak (level 1, -1/9 HPs)
             Began as a Spriggan Enchanter on May 16, 2021.
             Slain by a kobold
             ... wielding a +0 dagger
              (4 damage)
             ... on level 1 of the Dungeon.
             The game lasted 00:01:08 (43 turns).

wafflestompin the Sneak (Spriggan Enchanter)          Turns: 43, Time: 00:01:10

Health: -1/9       AC:  2    Str:  4    XL:     1   Next: 16%
Magic:  4/5        EV: 17    Int: 16    God:
Gold:   0          SH:  0    Dex: 15    Spells: 4/5 levels left

rFire    . . .     SeeInvis +   a - +1 dagger
rCold    . . .     Faith    .   (shield restricted)
rNeg     . . .     Spirit   .   b - +0 robe
rPois    .         Reflect  .   (helmet restricted)
rElec    .         Harm     .   (no cloak)
rCorr    .         Rampage  .   (gloves unavailable)
Will     .....                  (boots unavailable)
Stlth    +++.......             (no amulet)
HPRegen  0.03/turn              (no ring)
MPRegen  0.09/turn              (no ring)

@: very quick
A: very small, no large weapons, unfitting armour, see invisible, speed 3
a: no special abilities


You were on level 1 of the Dungeon.
You visited 1 branch of the dungeon, and saw 1 of its levels.

Inventory:

Hand Weapons
 a - a +1 dagger (weapon)
 c - a +0 flail
Missiles
 d - 26 stones
Armour
 b - a +0 robe (worn)


   Skills:
 * Level 1.1 Short Blades
 * Level 2.7 Dodging
 * Level 4.4 Stealth
 + Level 2.6 Spellcasting
 * Level 3.6 Hexes


You had 4 spell levels left.
You knew the following spells:

 Your Spells              Type           Power      Damage    Failure   Level
a - Corona                Hex            14%        N/A       4%          1

Your spell library contained the following spells:

 Spells                   Type           Power      Damage    Failure   Level
 Confusing Touch          Hex            13%        N/A       13%         3
 Tukima's Dance           Hex            13%        N/A       13%         3
 Ensorcelled Hibernation  Hex/Ice        16%        N/A       14%         2
 Dazzling Flash           Conj/Hex       16%        N/A       26%         3


Dungeon Overview and Level Annotations

Branches:
Dungeon (1/15)

Altars:


Innate Abilities, Weirdness & Mutations

You are very small and have problems with some larger weapons.
You are too small for most types of armour.
You have supernaturally acute eyesight. (SInv)
You cover ground extremely quickly. (Speed+++)


Message History

d - 22 stones A kobold comes into view. It is wielding a +0 club.
Aiming: Corona (safe; 4% risk of failure)
Press: ? - help, Q - select action, (/) - cycle Shift-Dir - straight line, f - kobold
Aim: a kobold, wielding a +0 club and quivering stones (asleep, chance to affect: 67%)
Okay, then.
A bat comes into view.
The helpless kobold fails to defend itself.
You impale the kobold!!
You kill the kobold!
d - 26 stones (gained 4)
Things that are here:
a +0 club; a kobold corpse A kobold comes into view.
It is wielding a +0 dagger.
The kobold shouts!
Found a stone staircase leading down.
Aiming: Corona (safe; 4% risk of failure)
Press: ? - help, Q - select action, (/) - cycle Shift-Dir - straight line, f - bat
Aim: a bat (chance to affect: 67%)
The bat is outlined in light.
The bat closely misses you.
You're too inexperienced to learn that spell!
The bat completely misses you.
You completely miss the bat. The bat closely misses you.
The bat completely misses you.
You closely miss the bat. The bat closely misses you. The bat hits you.
You miss the kobold. The kobold hits you with a +0 dagger.
You barely miss the kobold. The bat misses you.
The kobold hits you with a +0 dagger. The bat closely misses you.
Things that are here:
a +0 club; a kobold corpse You hit the bat.
The bat is heavily wounded.
The bat stops glowing.
The bat hits you but does no damage.
You hit the bat but do no damage.
The bat is moderately wounded.
The bat hits you. The bat barely misses you.
The kobold hits you with a +0 dagger.
You die...

#######.#....♣♣.♣♣♣
........#.#♣♣♣♣♣♣
######..#.# #....#
########...#
...........#
.#########.#####..
##........
#.@.......
#Kb####### ###.)#
...###....#
.>........#
........###
........# .........
........#


You could see a bat and a kobold.

Vanquished Creatures
  A kobold (D:1)
1 creature vanquished.

Notes
Turn   | Place    | Note
-------+----------+-------------------------------------------
     0 | D:1      | wafflestompin the Spriggan Enchanter began the quest for
                  | the Orb.
     0 | D:1      | Reached XP level 1. HP: 9/9 MP: 5/5
    43 | D:1      | Slain by a kobold

Illustrated notes

Levels and vault maps discovered:
D:1:      roderic_dead_forest, layout_rooms,
          ebering_ecumenical_altar_sacrificial, minmay_misc_feat_enclosed,
          st_stairs_8

Action                   || total
-------------------------++-------
Melee: Dagger            ||     7
 Cast: Corona            ||     1
 Stab: Sleeping          ||     1
Armor: Robe              ||     1
Dodge: Dodged            ||     8

Table legend: (Time is in decaauts)
 A = Elapsed time spent in this place.
 B = Non-inter-level travel time spent in this place.
 C = Inter-level travel time spent in this place.
 D = Time resting spent in this place.
 E = Time spent auto-exploring this place.
 F = Levels seen in this place.
 G = Mean time per level.
                   A        B        C        D        E       F      G
               +--------+--------+--------+--------+--------+-----+--------+
         Total |     29 |     29 |      0 |      0 |      8 |   1 |   29.0 |
       Dungeon |     29 |     29 |      0 |      0 |      8 |   1 |   29.0 |
               +--------+--------+--------+--------+--------+-----+--------+

Top non-repeatable levels by time:
     D:1: 29 daAuts
